 Dungeon Crawl Stone Soup version 0.26-a0-597-gb535b0901c (webtiles) character file.

Game seed: 6882515873900882639

1218 vurker the Chiller (level 8, 0/48 HPs)
             Began as a Kobold Ice Elementalist on Sept 12, 2020.
             Was an Initiate of Vehumet.
             Slain by Maggie
             ... wielding a +0 broad axe of flaming
              (6 damage)
             ... on level 6 of the Dungeon.
             The game lasted 00:09:52 (6227 turns).

vurker the Chiller (Kobold Ice Elementalist)        Turns: 6227, Time: 00:09:52

Health: 0/48       AC:  5    Str:  5    XL:     8   Next: 75%
Magic:  3/17       EV: 15    Int: 25    God:    Vehumet [......]
Gold:   177        SH:  0    Dex: 15    Spells: 8/20 levels left

rFire    . . .     SeeInvis .   r - +0 whip (venom)
rCold    . . .     Faith    .   (shield restricted)
rNeg     . . .     Spirit   .   a - +0 robe
rPois    .         Reflect  .   (no helmet)
rElec    .         Harm     .   (no cloak)
rCorr    .                      t - +1 pair of gloves
MR       .....                  n - +0 pair of boots
Stlth    ++++......             u - amulet of the acrobat
HPRegen  0.16/turn              i - +6 ring of intelligence
MPRegen  0.15/turn              p - ring of stealth

@: no status effects
A: small, nightstalker 3
a: Renounce Religion


You were on level 6 of the Dungeon.
You worshipped Vehumet.
Vehumet was noncommittal.
You visited 1 branch of the dungeon, and saw 7 of its levels.

You collected 353 gold pieces.
You spent 176 gold pieces at shops.

Inventory:

Hand Weapons
 r - a +0 whip of venom (weapon)
   (You took it off a gnoll shaman on level 4 of the Dungeon)
Armour
 a - a +0 robe (worn)
 n - a +0 pair of boots (worn)
   (You found it on level 3 of the Dungeon)
 t - a +1 pair of gloves (worn)
   (You bought it in a shop on level 4 of the Dungeon)
Jewellery
 i - a +6 ring of intelligence (left hand)
   (You found it on level 2 of the Dungeon)
 k - a +4 ring of protection
   (You found it on level 3 of the Dungeon)
 p - a ring of stealth (right hand)
   (You found it on level 4 of the Dungeon)
 u - an amulet of the acrobat (around neck)
   (You found it on level 4 of the Dungeon)
Scrolls
 b - 2 scrolls of remove curse
 e - a scroll of enchant armour
 g - a scroll of magic mapping
 j - 3 scrolls of identify
Potions
 c - a potion of haste
 d - 3 potions of curing
 f - 3 potions of heal wounds
 h - 2 potions of lignification
 l - 2 potions of flight
 o - 2 potions of invisibility
 q - a potion of mutation


   Skills:
 + Level 4.6 Fighting
 - Level 2.4 Dodging
 - Level 2.6 Stealth
 * Level 6.5 Spellcasting
 * Level 7.5 Ice Magic


You had 8 spell levels left.
You knew the following spells:

 Your Spells              Type           Power        Failure   Level
a - Freeze                Ice            ####         1%          1
b - Frozen Ramparts       Ice            #####.       1%          3
c - Hailstorm             Conj/Ice       ####....     16%         4
d - Summon Ice Beast      Ice/Summ       ####....     16%         4

Your spell library contained the following spells:

 Spells                   Type           Power        Failure   Level
 Ozocubu's Armour         Ice            #####...     1%          3
 Beastly Appendage        Tmut           #.....       7%          1
 Wereblood                Tmut           #.......     11%         2
 Ice Form                 Ice/Tmut       ####....     16%         4
 Spider Form              Tmut/Pois      #.........   22%         3
 Blade Hands              Tmut           #.........   89%         5


Dungeon Overview and Level Annotations

Branches:
Dungeon (7/15)             Temple (0/1) D:6

Altars:
Elyvilon
Qazlal
Vehumet
Wu Jian
Yredelemnul
Zin

Shops:
D:4 *

Annotations:
D:3 1 runed translucent door, Grinder; Lanoc's ghost, weakling DsIE
D:4 2 transporters, HunterMK's ghost, novice MiBe
D:6 Maggie


Innate Abilities, Weirdness & Mutations

You are small and have problems with some larger weapons.
You are completely attuned to the shadows.


Message History

Nothing appears to happen.
The wall freezes Maggie.
Maggie drinks a potion.
Maggie is healed!
Your ice beast hits Maggie.
Your ice beast freezes Maggie!
The spell is quite dangerous to cast (16% risk of failure)!
Continue anyway?
A cannonade of hail descends around you!
The hail pelts Maggie!
The wall freezes Maggie.
Maggie casts a spell at you. The bolt of fire hits your ice beast!!
Your ice beast melts!
The bolt of fire misses you.
Your ice beast hits Maggie but does no damage.
The wall freezes Maggie!
Maggie drinks a potion.
Maggie is healed!
Your ice beast barely misses Maggie.
The wall freezes Maggie.
Maggie mumbles some strange words.
Maggie attempts to bespell you! You resist with almost no effort.
Your ice beast completely misses Maggie.
The wall freezes Maggie.
Maggie points at you and mumbles some strange words.
The bolt of fire hits your ice beast!!
Your ice beast melts!
Your ice beast dies!
The bolt of fire misses you.
Maggie gestures wildly while chanting.
Maggie attempts to bespell you!
You are mesmerised by Maggie!
The frozen ramparts melt away.
Your magical contamination has completely faded away.
You cannot move away from Maggie!
Okay, then.
As you read the scroll of teleportation, it crumbles to dust.
You feel strangely unstable.
You cannot move away from Maggie!
Your surroundings seem slightly different.
Maggie casts a spell at you. The bolt of fire misses you.
Okay, then.
You feel much better.
You closely miss Maggie.
Maggie hits you with a +0 broad axe of flaming!
* * * LOW HITPOINT WARNING * * *
Maggie burns you.
* * * LOW HITPOINT WARNING * * *
You closely miss Maggie. You closely miss Maggie.
Maggie hits you but does no damage.
You closely miss Maggie.
You break out of your daze.
Maggie hits you with a +0 broad axe of flaming!
* * * LOW HITPOINT WARNING * * *
Maggie burns you.
You die...

#..... #. ....#..... #.
....#..... #. ...#..... ##
########'#..... ..[...#
#.............. .......#
#.............. ...#.....
#...............#.#......
#......@@........>.......
#.........#+##..#.#..###.
#######.........#....#...#...#.
#...............#............#.
#...............#............#.
#......##########............#.
#......#.......##...###...##.#.
#......#.......##...###########
#......#..............#


You could see Maggie.

Vanquished Creatures
  Edmund (D:6)
  An orc warrior (D:6)
  2 ogres
  A bullfrog (D:7)
  A howler monkey (D:4)
  A gnoll shaman (D:4)
  An orc priest (D:6)
  A bullfrog skeleton (D:5)
  2 hounds
  An iguana (D:6)
  Terence (D:2)
  7 orc wizards
  5 worker ants
  A worker ant zombie (D:6)
  5 gnolls (D:4)
  7 adders
  An ooze (D:1)
  2 worms
  2 dart slugs
  A leopard gecko (D:6)
  14 orcs
  A ball python (D:3)
  11 bats
  3 giant cockroaches
  6 goblins
  6 hobgoblins
  2 jackals (D:2)
  6 kobolds
  6 quokkas
  10 frilled lizards
  A quokka skeleton (D:7)
  10 rats
120 creatures vanquished.

Notes
Turn   | Place    | Note
-------+----------+-------------------------------------------
     0 | D:1      | vurker the Kobold Ice Elementalist began the quest for the
                  | Orb.
     0 | D:1      | Reached XP level 1. HP: 10/10 MP: 3/3
   125 | D:1      | Reached XP level 2. HP: 5/16 MP: 0/5
   877 | D:1      | Reached XP level 3. HP: 20/20 MP: 7/7
   892 | D:1      | Reached skill level 1 in Fighting
  1635 | D:1      | Learned a level 3 spell: Frozen Ramparts
  1661 | D:2      | Reached XP level 4. HP: 25/25 MP: 8/8
  1759 | D:2      | Noticed Terence
  1764 | D:2      | Killed Terence
  2034 | D:2      | Reached XP level 5. HP: 27/30 MP: 8/10
  2303 | D:3      | Noticed Grinder
  2401 | D:3      | Reached skill level 5 in Ice Magic
  2442 | D:3      | Found a glowing silver altar of Zin.
  2573 | D:3      | Noticed Lanoc's ghost (weakling DsIE)
  2578 | D:3      | Found a runed translucent door.
  2818 | D:3      | You fall into a shaft and drop 2 floors!
  2818 | D:5      | Entered Level 5 of the Dungeon
  2950 | D:5      | Reached XP level 6. HP: 36/36 MP: 5/12
  3814 | D:4      | Reached XP level 7. HP: 31/41 MP: 6/13
  3820 | D:4      | Learned a level 4 spell: Hailstorm
  3825 | D:4      | Learned a level 4 spell: Summon Ice Beast
  3938 | D:4      | Reached skill level 6 in Ice Magic
  4214 | D:4      | Found Dupnuc's Assorted Antiques.
  4219 | D:4      | Bought a scroll labeled COENOA LAHURA for 17 gold pieces
  4219 | D:4      | Bought a scroll labeled GEHAAC FEFU for 17 gold pieces
  4219 | D:4      | Bought a scroll labeled XAANTEOLIA for 17 gold pieces
  4219 | D:4      | Bought a fuming silvery potion for 15 gold pieces
  4219 | D:4      | Bought a scroll labeled GEHAAC FEFU for 17 gold pieces
  4219 | D:4      | Bought a scroll labeled HOGGAEFRAN for 17 gold pieces
  4219 | D:4      | Bought a pair of gloves for 76 gold pieces
  4260 | D:4      | Reached skill level 5 in Spellcasting
  4364 | D:4      | Found a basalt altar of Yredelemnul.
  4404 | D:4      | Found a transporter.
  4405 | D:4      | Noticed HunterMK's ghost (novice MiBe)
  4411 | D:4      | Found a transporter.
  4484 | D:4      | Identified the +10 great mace "Foticaza" {flame, *Noise
                  | +Blink rPois Stlth+}
  4552 | D:4      | Found a radiant altar of Vehumet.
  4552 | D:4      | Found a white marble altar of Elyvilon.
  4552 | D:4      | Found an ornate altar of the Wu Jian Council.
  4807 | D:4      | Became a worshipper of Vehumet
  5003 | D:5      | Found the +8 demon blade "Leech" {vamp, *Rage +Rage rN+}
  5166 | D:5      | Found a stormy altar of Qazlal.
  5241 | D:5      | Reached XP level 8. HP: 48/48 MP: 11/16
  5343 | D:6      | You fall into a shaft and drop 1 floor!
  5455 | D:7      | Got an ichor-stained whip
  5456 | D:7      | Identified the +5 whip of Suicidal Tendencies {freeze,
                  | Str+4} (You found it on level 7 of the Dungeon)
  5658 | D:6      | Reached skill level 7 in Ice Magic
  5995 | D:6      | Found a staircase to the Ecumenical Temple.
  6070 | D:6      | Noticed Edmund
  6088 | D:6      | Killed Edmund
  6204 | D:6      | Noticed Maggie
  6208 | D:6      | HP: 1/48 [Maggie/+0 broad axe of flaming (4)]
  6227 | D:6      | Slain by Maggie

Illustrated notes

Levels and vault maps discovered:
D:1:      beargit_arrival_greenhouse, layout_basic, hex_intersection
D:2:      layout_rooms, uniq_terence
D:3:      layout_loops_ring, nicolae_overflow_crystal_walls,
          hellmonk_ghost_happy_afterlife, uniq_grinder
D:4:      layout_gridville, gammafunk_temple_overflow_claw,
          yredelemnul_altar_generic, serial_shops, shop, gammafunk_ghost_smash,
          minmay_crystal_water
D:5:      layout_rooms, lemuel_round_altar
D:6:      layout_gridville, minmay_temple_entry_crystal_x, uniq_maggie,
          uniq_menkaure, uniq_edmund, uniq_blork_the_orc
D:7:      layout_basic, serial_co_window_serial, co_window_corner_a,
          co_window_of_opportunity_a, co_window_corner_a, co_window_paths_b,
          co_window_corner_a, co_window_corner_a, co_window_corner_a,
          co_window_of_opportunity_b, co_window_corner_b, co_window_corner_ca,
          co_window_2corner, co_window_corner_cb, co_window_of_opportunity_c,
          co_window_paths_e, glass_columns_a, glass_columns_b, glass_columns_c,
          uniq_pikel

Skill      XL: |  1  2  3  4  5  6  7  8 |
---------------+-------------------------+-----
Fighting       | 1 2 3 4 |  4.6
Spellcasting   | 3 4 5 6 |  6.5
Ice Magic      | 5 6 7 |  7.5
Dodging        | |  2.4
Stealth        | |  2.6

Action                   |  1- 3 |  4- 6 |  7- 9 || total
-------------------------+-------+-------+-------++-------
Melee: Unarmed           |     8 |       |       ||     8
       Dagger            |    13 |    67 |       ||    80
       Whip              |       |       |    74 ||    74
 Cast: Freeze            |    38 |    55 |    22 ||   115
       Frozen Ramparts   |       |     6 |    12 ||    18
       Summon Ice Beast  |       |       |     1 ||     1
       Hailstorm         |       |       |     1 ||     1
  Use: Scroll            |       |       |    14 ||    14
       Potion            |       |       |     1 ||     1
 Stab: Sleeping          |     7 |    12 |     6 ||    25
       Distracted        |       |       |     1 ||     1
Armor: Robe              |     5 |    15 |    11 ||    31
Dodge: Dodged            |    39 |    86 |    74 ||   199

Table legend: (Time is in decaauts)
 A = Elapsed time spent in this place.
 B = Non-inter-level travel time spent in this place.
 C = Inter-level travel time spent in this place.
 D = Time resting spent in this place.
 E = Time spent auto-exploring this place.
 F = Levels seen in this place.
 G = Mean time per level.
                   A        B        C        D        E       F      G
               +--------+--------+--------+--------+--------+-----+--------+
         Total |   6235 |   6127 |    108 |    196 |   5019 |   7 |  890.7 |
       Dungeon |   6235 |   6127 |    108 |    196 |   5019 |   7 |  890.7 |
               +--------+--------+--------+--------+--------+-----+--------+

Top non-repeatable levels by time:
     D:1: 1591 daAuts
     D:4: 1353 daAuts
     D:3: 917 daAuts
     D:5: 785 daAuts
     D:2: 686 daAuts
     D:6: 624 daAuts
     D:7: 276 daAuts
